 Dungeon Crawl Stone Soup version 0.31-a0-879-g1609e0ac53 (webtiles) character file.

Game seed: 6757253309663495917

1547 Squashgosh the Chopper (level 8, -4/67 HPs)
             Began as a Ghoul Warper on Oct 14, 2023.
             Was a Believer of Qazlal.
             Slain by an ogre
             ... wielding a +0 giant club
              (27 damage)
             ... on level 6 of the Dungeon.
             The game lasted 00:33:32 (3715 turns).

Squashgosh the Chopper (Ghoul Warper)               Turns: 3715, Time: 00:33:32

Health: -4/67      AC: 14    Str: 17    XL:     8   Next: 87%
Magic:  9/9        EV:  8    Int:  8    God:    Qazlal [**....]
Gold:   288        SH:  2    Dex:  8    Spells: 10/10 levels left

rFire   . . .        e - +4 broad axe (freeze)
rCold   + . .        (no shield)
rNeg    + + +        u - +0 chain mail
rPois   ∞            q - +0 helmet
rElec   .            (no cloak)
rCorr   .            (no gloves)
SInv    .            (no boots)
Will    .....        b - amulet of magic regeneration Stlth
                     j - +4 ring of protection
HPRegen 0.00/turn    g - ring of flight
MPRegen 0.51/turn

%: no passive effects
@: flying, inhibited regen
A: claws 1, cold resistance 1, negative energy resistance 3, inhibited
regeneration, torment resistance 2, devour on kill
a: Renounce Religion, Upheaval


You were on level 6 of the Dungeon.
You worshipped Qazlal.
Qazlal was pleased with you.
You visited 1 branch of the dungeon, and saw 6 of its levels.
You also visited: Sewer.

You collected 288 gold pieces.

Inventory:

Hand Weapons
 e - a +4 broad axe of freezing (weapon)
 h - a +2 hand axe of freezing
Missiles
 d - 7 darts of dispersal (quivered)
 k - a throwing net
 r - 5 poisoned darts
Armour
 q - a +0 helmet (worn)
 u - a +0 chain mail (worn)
 x - an orb of guile
Jewellery
 b - an amulet of magic regeneration (around neck)
 g - a ring of flight (right claw)
 j - a +4 ring of protection (left claw)
 y - an amulet of regeneration
 B - a +6 ring of intelligence
Talismans
 l - a flux talisman
 C - a storm talisman
Wands
 A - a wand of charming (4)
Scrolls
 a - 2 scrolls of enchant armour {unknown}
 c - 3 scrolls of blinking
 f - 4 scrolls of identify
 i - a scroll of fog {unknown}
 n - 2 scrolls of immolation {unknown}
 o - 5 scrolls of teleportation {unknown}
 p - 2 scrolls of amnesia {unknown}
 v - 2 scrolls of poison {unknown}
Potions
 m - 2 potions of heal wounds
 s - 3 potions of curing {unknown}
 t - a potion of might {unknown}
 w - 2 potions of mutation {unknown}
 z - a potion of magic {unknown}


   Skills:
 + Level 4.8 Fighting
 + Level 2.1 Long Blades
 + Level 6.7 Axes
 + Level 0.8 Throwing
 + Level 4.3 Armour
 + Level 3.6 Dodging
 + Level 0.8 Stealth
 + Level 0.6 Shields
 + Level 1.9 Spellcasting
 + Level 3.0 Translocations


You had 10 spell levels left.
You didn't know any spells.
Your spell library contained the following spells:

 Spells                   Type           Power      Damage    Failure   Level
 Blink                    Tloc           10%        N/A       83%         2
 Lesser Beckoning         Tloc           10%        N/A       83%         2
 Teleport Other           Tloc           5%         N/A       97%         3
 Manifold Assault         Tloc           5%         N/A       100%        4
 Vhi's Electric Charge    Tloc/Air       6%         N/A       100%        4
 Malign Gateway           Summ/Tloc      1%         N/A       100%        7
 Summon Horrible Things   Summ           0%         N/A       100%        8


Dungeon Overview and Level Annotations

Branches:
Dungeon (6/15)              Sewer (visited)
 Temple: D:4-7

Altars:
Ashenzari
Hepliaklqana
Nemelex Xobeh
Qazlal
Vehumet
Xom

Shops:
D:2 [


Innate Abilities, Weirdness & Mutations

You are immune to poison.
You have sharp fingernails.
Your flesh is cold resistant. (rC+)
You are immune to negative energy. (rN+++)
You do not regenerate when monsters are visible.
You are immune to unholy pain and torment.
You thrive by killing the living.


Message History

You closely miss the phantom.
The phantom is heavily damaged.
The phantom barely misses you. The phantom hits you.
You hit the phantom.
The phantom is severely damaged.
You block the phantom's attack.
You slash the phantom!
You destroy the phantom!
Qazlal accepts your kill.
Found a book of Air.
The ogre hits you with a +0 giant spiked club!!
You closely miss the ogre. The ogre hits you but does no damage.
You closely miss the ogre.
The ogre hits you with a +0 giant spiked club!!
* * * LOW HITPOINT WARNING * * *
You hit the ogre. You freeze the ogre.
The ogre is lightly wounded.
The ogre barely misses you.
You barely miss the ogre.
The ogre is lightly wounded.
You feel much better.
The ogre hits you with a +0 giant spiked club!
* * * LOW HITPOINT WARNING * * *
You feel much better.
The ogre hits you with a +0 giant spiked club.
You slice the ogre!! You freeze the ogre.
The ogre is almost dead.
The ogre hits you with a +0 giant spiked club!
You slash the ogre! You freeze the ogre.
You kill the ogre!
Qazlal accepts your kill.
An orc comes into view. It is wielding a +0 dagger.
You see here a +0 giant spiked club.
An orc is nearby!
An adder and an ogre come into view.
You hear an angry hiss.
An iguana comes into view.
The iguana hisses angrily.
The ogre hits you with a +0 giant club!!
You die...

..................#
.......#<#.#.#.#.##
..................##
....)..#.#.#.#.#.#.#
...................#
.......#.#.#.#o#.#.#
...................#
.......#.#.#.#.#.#.#
..............S.@..#
.......#.#.#.#$#O#...#
..........:.........#...
#.#.#l#.#....##
.............# #.#.# #.#
...# .... .## .... #. #
#.#


You could see an ogre, an iguana, an adder and an orc.

Vanquished Creatures
  Pikel (D:5)
  Sigmund (D:2)
  A water moccasin (Sewer)
  A sky beast (D:3)
  An ogre (D:6)
  A phantom (D:6)
  Blork the orc (D:4)
  A scorpion (D:5)
  A gnoll sergeant (D:5)
  A jelly (D:5)
  Ijyb (D:5)
  2 sleepcaps
  2 iguanas
  Robin (D:3)
  3 gnolls (D:5)
  5 adders
  A shadow imp (D:5)
  A worm (D:5)
  16 dart slugs
  8 orcs
  4 endoplasms
  3 giant cockroaches
  13 goblins
  9 hobgoblins
  3 jackals (D:5)
  5 kobolds
  4 quokkas
  6 ball pythons
  8 bats
  2 frilled lizards
  9 rats
116 creatures vanquished.

Notes
Turn   | Place    | Note
-------+----------+-------------------------------------------
     0 | D:1      | Squashgosh the Ghoul Warper began the quest for the Orb.
     0 | D:1      | Reached XP level 1. HP: 17/17 MP: 2/2
    18 | D:1      | Found a faded altar of an unknown god.
    70 | D:1      | Prayed at the altar of an unknown god.
    70 | D:1      | Became a worshipper of Vehumet
    70 | D:1      | Reached * piety under Vehumet
    70 | D:1      | Offered knowledge of Kiss of Death by Vehumet.
   108 | D:1      | Reached skill level 1 in Armour
   114 | D:1      | Reached XP level 2. HP: 21/25 MP: 3/3
   620 | D:2      | Reached XP level 3. HP: 27/30 MP: 4/4
   721 | D:2      | Reached skill level 1 in Axes
   791 | D:2      | Reached ** piety under Vehumet
   975 | D:2      | Noticed Sigmund
   982 | D:2      | Offered knowledge of Foxfire by Vehumet.
   984 | D:2      | Killed Sigmund
   985 | D:2      | Reached skill level 2 in Axes
   985 | D:2      | Reached XP level 4. HP: 28/37 MP: 5/5
   985 | D:2      | Reached XP level 5. HP: 31/42 MP: 6/6
  1010 | D:2      | Found Ajuoqos's Armour Shop.
  1172 | D:2      | You fall into a shaft and drop 1 floor!
  1261 | D:3      | Reached XP level 6. HP: 46/50 MP: 7/7
  1347 | D:3      | Noticed Robin
  1378 | D:3      | Killed Robin
  1439 | D:3      | Reached skill level 3 in Axes
  1859 | D:3      | Offered knowledge of Ignite Poison by Vehumet.
  1890 | D:3      | Found a stormy altar of Qazlal.
  1890 | D:3      | Noticed a sky beast
  1902 | D:3      | Killed a sky beast
  1916 | D:3      | Fell from the grace of Vehumet
  1916 | D:3      | Became a worshipper of Qazlal Stormbringer
  2616 | D:4      | Noticed Blork the orc
  2635 | D:4      | Killed Blork the orc
  2636 | D:4      | Reached XP level 7. HP: 52/57 MP: 8/8
  2833 | D:4      | Found a broken altar of Ashenzari.
  2833 | D:4      | Found a shimmering altar of Xom.
  2848 | D:4      | Found a sparkling altar of Nemelex Xobeh.
  2850 | D:4      | Found a hazy altar of Hepliaklqana.
  2911 | D:5      | Entered Level 5 of the Dungeon
  2927 | D:5      | Reached skill level 4 in Axes
  2938 | D:5      | Reached * piety under Qazlal
  3019 | D:5      | Noticed Ijyb
  3022 | D:5      | Identified a scroll of acquirement
  3024 | D:5      | Acquired a +4 broad axe of freezing
  3040 | D:5      | Killed Ijyb
  3086 | D:5      | Noticed Pikel
  3111 | D:5      | Killed Pikel
  3112 | D:5      | Reached skill level 5 in Axes
  3112 | D:5      | Reached XP level 8. HP: 16/66 MP: 9/9
  3122 | D:5      | Reached skill level 6 in Axes
  3136 | D:5      | Reached ** piety under Qazlal
  3399 | D:5      | Found a glowing drain.
  3409 | Sewer    | Entered a sewer
  3715 | D:6      | Slain by an ogre

Illustrated notes

Levels and vault maps discovered:
D:1:      dpeg_arrival_tiny_a, layout_basic, chequers_ecumenical_altar_simple
D:2:      layout_loops_cross, serial_shops, shop, uniq_sigmund
D:3:      layout_basic, nicolae_qazlal_beasts_of_the_sky,
          nicolae_concentric_dashed_squares_mild, grunt_decor_mini_mirrors,
          kennysheep_generic_room_11, uniq_robin
D:4:      layout_rooms, chequers_temple_overflow_minitemple, uniq_blork_the_orc
D:5:      kennysheep_slugbush, layout_basic, portal_sewer_entry_a,
          serial_bayou_lagoon_a, uniq_ijyb, uniq_pikel
D:6:      layout_basic, grunt_ministairs_7, st_stairs_11, lightli_corner_chamber

Skill      XL: |  1  2  3  4  5  6  7  8 |
---------------+-------------------------+-----
Armour         | 1 2 3 4 |  4.3
Dodging        | 2 3 |  3.6
Translocations | 3 |  3.0
Axes           | 2 3 5 6 |  6.7
Long Blades    | 2 |  2.1
Fighting       | 3 4 |  4.8
Throwing       | |  0.8
Stealth        | |  0.8
Shields        | |  0.6
Spellcasting   | |  1.9

Action                     |  1- 3 |  4- 6 |  7- 9 || total
---------------------------+-------+-------+-------++-------
  Melee: Falchion          |    25 |       |       ||    25
         Hand axe          |    55 |   131 |    40 ||   226
         Punch             |     1 |     1 |     1 ||     3
         Broad axe         |       |       |    77 ||    77
    Use: Potion            |       |       |     6 ||     6
         Scroll            |       |       |     3 ||     3
 Armour: Ring mail         |    62 |    56 |       ||   118
         Leather armour    |     3 |       |       ||     3
         Chain mail        |       |    50 |   106 ||   156
  Dodge: Dodged            |    60 |    73 |    38 ||   171
  Block: Other             |       |       |     5 ||     5

Table legend: (Time is in decaauts)
 A = Elapsed time spent in this place.
 B = Non-inter-level travel time spent in this place.
 C = Inter-level travel time spent in this place.
 D = Time resting spent in this place.
 E = Time spent auto-exploring this place.
 F = Levels seen in this place.
 G = Mean time per level.
                   A        B        C        D        E       F      G
               +--------+--------+--------+--------+--------+-----+--------+
         Total |   3739 |   1054 |   2685 |      0 |      0 |   7 |  534.1 |
       Dungeon |   3545 |    860 |   2685 |      0 |      0 |   6 |  590.8 |
         Sewer |    193 |    193 |      0 |      0 |      0 |   1 |  193.0 |
               +--------+--------+--------+--------+--------+-----+--------+

Top non-repeatable levels by time:
     D:3: 1175 daAuts
     D:1: 619 daAuts
     D:4: 581 daAuts
     D:2: 572 daAuts
     D:5: 550 daAuts
   Sewer: 193 daAuts
     D:6: 46 daAuts
